Map: Torches LE

Players

HitEdgy

  • Race: Terran Terran
  • League: Master
  • Spawn Location: 5:00

Tromtrom - Winner!

  • Race: Terran Terran
  • Spawn Location: 1:00

VOD

Have the link to the VOD?

Description

Time

  • Played on: July 14, 2025, 5:49 p.m.
  • Length: 5:32
Show
View Real Time Build Order
Export as new Build Order

HitEdgy Terran 

Build Orders: 1/1/1 

Get SALT Encoding   

  12  0:00  SCV  
  13  0:12  SCV  
  14  0:17  Supply Depot  
  14  0:24  SCV  
  15  0:30  Refinery  
  15  0:41  Barracks  
  15  0:48  SCV  
  16  0:59  Refinery  
  16  1:00  SCV  
  17  1:13  SCV  
  18  1:25  SCV  
  19  1:28  Factory  
  19  1:33  Barracks Tech Lab  
  19  1:38  Orbital Command  
  19  1:49  Supply Depot  
  19  1:57  Marauder  
  21  2:04  SCV  
  22  2:14  Starport  
  22  2:26  Siege Tank  
  25  2:32  Supply Depot  
  25  2:34  SCV  
  26  2:46  SCV  
  27  2:51  Viking  
  29  2:59  Siege Tank  
  29  3:02  SCV  
  33  3:11  Supply Depot  
  25  4:00  SCV  
  26  4:04  Siege Tank  
  26  4:06  Viking  
  23  4:51  Marine x2  
Show
View Real Time Build Order
Export as new Build Order

Tromtrom Terran - Winner!

Build Orders: Cyclone Opening 

Get SALT Encoding   

  12  0:00  SCV  
  13  0:12  SCV  
  14  0:17  Supply Depot  
  14  0:24  SCV  
  15  0:38  SCV  
  15  0:40  Barracks  
  16  0:44  Refinery  
  16  0:50  SCV  
  16  0:54  Refinery  
  17  1:03  SCV  
  18  1:15  SCV  
  19  1:27  Orbital Command, Reaper  
  20  1:41  Factory  
  20  1:45  Supply Depot  
  20  1:52  SCV  
  21  1:59  Reaper  
  22  2:04  SCV  
  23  2:17  Command Center  
  23  2:21  SCV  
  24  2:24  Factory Tech Lab  
  24  2:32  Supply Depot  
  24  2:33  SCV  
  24  2:36  Barracks Reactor  
  25  2:43  Cyclone  
  28  2:45  SCV  
  29  2:58  SCV, Starport  
  30  3:10  SCV  
  30  3:12  Marine x2  
  32  3:19  Supply Depot  
  33  3:22  SCV  
  34  3:30  Marine x2  
  34  3:33  Cyclone  
  40  3:34  SCV  
  40  3:38  SCV  
  41  3:46  SCV  
  42  3:49  Supply Depot  
  42  3:50  Orbital Command  
  40  3:57  Viking  
  40  3:58  Marine  
  40  4:00  Marine  
  44  4:10  Supply Depot  
  44  4:14  Cyclone  
  46  4:19  SCV  
  46  4:24  Orbital Command  
  46  4:28  Marine x2  
  46  4:31  SCV  
  48  4:32  Viking  
  50  4:43  SCV  
  51  4:48  Cyclone  
  53  4:55  SCV x2  
  55  5:07  SCV  
Tags
 
League
Master
Matchup
TvT
Race
Terran
Spawn Locations
Close Positions
Add a new tag
Caveats
  • Supply blocks, unpowered buildings, or Contaminate may cause inaccurate times.
  • Supply counts are checked every 10 seconds.